 Dungeon Crawl Stone Soup version 0.16.2-12-gd0ad4c3 (webtiles) character file.

6484 faibistes the Thaumaturge (level 10, -1/58 HPs)
             Began as a Deep Elf Wizard on Dec 13, 2018.
             Was a Priest of Sif Muna.
             Slain by a troll (10 damage)
             ... on level 9 of the Dungeon.
             The game lasted 00:41:14 (15340 turns).

faibistes the Thaumaturge (Deep Elf Wizard)        Turns: 15340, Time: 00:41:15

Health: -1/58      AC:  9    Str:  4    XL:     10   Next: 68%
Magic:  8/32       EV: 15    Int: 27    God:    Sif Muna [***...]
Gold:   485        SH:  0    Dex: 13    Spells: 9 memorised, 5 levels left

rFire  . . .     SeeInvis +     M - +2 rapier (venom)
rCold  . . .     Clarity  .     O - +1 robe {rN+}
rNeg   + . .     SustAb   .     (no shield)
rPois  .         Gourm    +     w - +2 hat
rElec  .         Spirit   .     (no cloak)
rCorr  .         Warding  .     (no gloves)
rMut   .         Stasis   .     t - +2 pair of boots {Fly}
MR     +....                    D - amulet of the gourmand
Stlth  ++........               C - ring of see invisible
                                a - +1 ring of protection

@: flying, repel missiles, somewhat resistant to hostile enchantments,
unstealthy
A: no striking features
a: Channel Energy, Forget Spell, Renounce Religion, Stop Flying


You were on level 9 of the Dungeon.
You worshipped Sif Muna.
Sif Muna was most pleased with you.
You were full.

You visited 2 branches of the dungeon, and saw 11 of its levels.

You collected 585 gold pieces.
You spent 100 gold pieces at shops.

Inventory:

Hand weapons
 n - a +0 dagger
 s - a +3 short sword of speed
 G - the +6 mace of Roptyjoo {crush, -Cast Str+5}
   (You found it on level 8 of the Dungeon)

   It inflicts extra damage upon your enemies.
   It affects your strength (+5).
   It prevents spellcasting.
 I - a +2 rapier of draining
 M - a +2 rapier of venom (weapon)
Armour
 t - a +2 pair of boots of flying (worn)
 w - a +2 hat (worn)
 O - a +1 robe of positive energy (worn)
Jewellery
 a - a +1 ring of protection (left hand)
 l - an uncursed amulet of rage
 B - a +4 ring of dexterity
 C - a ring of see invisible (right hand)
 D - an amulet of the gourmand (around neck)
Magical devices
 g - a wand of slowing (29)
 m - a wand of flame (15)
 p - a wand of confusion (18)
 K - a wand of confusion (27)
Scrolls
 b - a scroll of amnesia
 f - 3 scrolls of fear
 h - 3 scrolls of enchant armour
 j - 2 scrolls of remove curse
 k - 2 scrolls of teleportation
 y - a scroll of enchant weapon
 J - a scroll of immolation
Potions
 e - 5 potions of curing
 o - 2 potions of lignification
 u - 3 potions of haste
 x - a potion of agility
 z - 5 potions of might
 E - a potion of restore abilities {unknown}
 H - a potion of brilliance {unknown}
 N - a potion of mutation {unknown}
 Q - a potion of magic {unknown}
Books
 c - a book of Minor Magic

   Spells                             Type                      Level
   a - Magic Dart                     Conjuration                  1
   b - Blink                          Translocation                2
   c - Call Imp                       Summoning                    2
   d - Repel Missiles                 Charms/Air                   2
   e - Slow                           Hexes                        2
   f - Conjure Flame                  Conjuration/Fire             3
   g - Mephitic Cloud                 Conjuration/Poison/Air       3
 r - a book of Annihilations {highlevel, unknown}

   This book is beyond your current level of understanding.

   Spells                             Type                      Level
   a - Poison Arrow                   Conjuration/Poison           6
   b - Chain Lightning                Conjuration/Air              8
   c - Lehudib's Crystal Spear        Conjuration/Earth            8
   d - Glaciate                       Conjuration/Ice              9
   e - Fire Storm                     Conjuration/Fire             9
 F - a book of Fire

   Spells                             Type                      Level
   a - Ignite Poison                  Fire/Transmutation           5
   b - Fireball                       Conjuration/Fire             5
   c - Bolt of Fire                   Conjuration/Fire             6
   d - Delayed Fireball               Conjuration/Fire             7
   e - Ring of Flames                 Charms/Fire                  7
 L - a book of the Sky

   Spells                             Type                      Level
   a - Flight                         Charms/Air                   3
   b - Airstrike                      Air                          4
   c - Silence                        Hexes/Air                    5
   d - Deflect Missiles               Charms/Air                   6
   e - Conjure Ball Lightning         Conjuration/Air              6
   f - Tornado                        Air                          9
Comestibles
 d - 9 bread rations
 i - a fruit
 q - 3 meat rations
 A - 3 beef jerkies
 P - 3 chunks of flesh


   Skills:
 + Level 4.4 Fighting
 + Level 7.0 Dodging
 - Level 2.8 Stealth
 * Level 11.5 Spellcasting
 + Level 6.3 Conjurations
 + Level 2.3 Charms
 - Level 1.1 Summonings
 + Level 2.9 Translocations
 * Level 1.9 Transmutations
 * Level 4.9 Fire Magic
 - Level 5.0 Air Magic
 - Level 2.9 Poison Magic
 * Level 3.2 Invocations
 + Level 4.8 Evocations


You had 5 spell levels left.
You knew the following spells:

 Your Spells              Type           Power        Failure   Level  Hunger
a - Magic Dart            Conj           ####         1%          1    None
b - Conjure Flame         Conj/Fire      #####...     1%          3    None
c - Call Imp              Summ           ###.....     4%          2    None
d - Blink                 Tloc           N/A          1%          2    None
e - Mephitic Cloud        Conj/Pois/Air  #####...     1%          3    None
f - Repel Missiles        Chrm/Air       #####.       1%          2    None
g - Airstrike             Air            #####.....   6%          4    None
i - Ignite Poison         Fire/Trmt      ####......   28%         5    ###....
z - Fireball              Conj/Fire      #####.....   12%         5    ###....


Dungeon Overview and Level Annotations

Branches:
Dungeon (10/15)            Temple (1/1) D:5            Lair (0/8) D:9
    Orc: D:9-12

Altars:
Ashenzari
Cheibriados
Dithmenos
Elyvilon
Fedhas
Gozag
Kikubaaqudgha
Makhleb
Nemelex Xobeh
Okawaru
Qazlal
Ru
Sif Muna
Trog
Vehumet
Xom
Yredelemnul
Zin
The Shining One

Shops:
D:6 !


Message History

Confirm with . or Enter, or press ? or * to list all spells.
Aiming: Airstrike
Press: ? - help, Dir - move target cursor, f/p - troll
Aim: a troll (noxious fumes, lightly wounded, bewildered and confused)
The air twists around and strikes the troll!
The troll is moderately wounded.
The troll is engulfed in noxious fumes.
Casting: Airstrike
Confirm with . or Enter, or press ? or * to list all spells.
Aiming: Airstrike
Press: ? - help, Dir - move target cursor, f/p - troll
Aim: a troll (moderately wounded, bewildered and confused)
Okay, then.
You hit the troll.
The troll is poisoned.
The troll is heavily wounded.
The troll mumbles something.
The troll closely misses you. The troll claws you!
* * * LOW HITPOINT WARNING * * *
The troll claws you!
You die...

#.....### ##....###)#
#.......## ##.).##)#
#........## ##..#)#
##........### ###.##
##.........## ##.##
##........§§###.##
##.........§§.#(.#
##..........§§§..##
##...#.....@T......##
###..###..........)...##
##...## #...............#
##...## ##..............##
##..#.######.....###.......##
...##.....##....##
#####.#..## ..####).........#
####..## ..# #<........##
##..# ..## ##........## ##.##


You could see a troll (confused).

Vanquished Creatures
  An unseen horror (D:9)
  A troll (D:9)
  2 two-headed ogres
  A shadow (D:9)
  A deep elf mage (D:9)
  Eustachio (D:7)
  A wyvern (D:8)
  2 hippogriffs (D:9)
  2 wargs (D:9)
  Menkaure (D:5)
  3 sky beasts
  2 ice beasts
  A water moccasin (D:7)
  5 orc warriors
  3 phantoms
  4 ogres
  2 necrophages (D:9)
  Duvessa (D:5)
  8 giant frogs
  A wyvern skeleton (D:9)
  3 wights (D:9)
  A goliath beetle (D:7)
  3 jellies
  A crimson imp (D:9)
  2 centaur zombies
  5 orc priests
  7 hounds
  Dowan (D:5)
  A giant frog zombie (D:6)
  A quasit (D:10)
  11 orc wizards
  2 centaur skeletons
  6 worker ants
  8 iguanas
  A hound skeleton (D:6)
  5 gnolls
  15 adders
  A shadow imp (D:7)
  A giant mite (D:6)
  2 worms (D:3)
  3 adder skeletons
  3 giant geckos (D:3)
  An ooze (D:5)
  34 orcs
  A bat zombie (D:5)
  6 giant cockroaches
  13 hobgoblins
  20 kobolds
  4 quokkas
  A ball python (D:1)
  18 bats
  8 giant newts
  A giant spore (D:7)
  10 goblins
  11 jackals
  A jackal skeleton (D:6)
  A jackal zombie (D:5)
  2 quokka skeletons (D:8)
  24 rats
  4 ballistomycetes (D:7)
286 creatures vanquished.

Notes
Turn   | Place    | Note
--------------------------------------------------------------
     0 | D:1      | faibistes, the Deep Elf Wizard, began the quest for the Orb.
     0 | D:1      | Reached XP level 1. HP: 10/10 MP: 6/6
   537 | D:1      | Reached XP level 2. HP: 4/15 MP: 0/10
   587 | D:1      | Learned a level 2 spell: Blink
   590 | D:1      | Learned a level 2 spell: Call Imp
  1833 | D:1      | Reached skill level 5 in Spellcasting
  2399 | D:1      | Reached XP level 3. HP: 13/19 MP: 10/14
  2405 | D:1      | Learned a level 3 spell: Conjure Flame
  2409 | D:1      | Learned a level 3 spell: Mephitic Cloud
  2645 | D:2      | Found a shimmering altar of Xom.
  3311 | D:3      | Reached XP level 4. HP: 24/24 MP: 15/17
  3316 | D:3      | Learned a level 2 spell: Repel Missiles
  4110 | D:3      | Found a glowing silver altar of Zin.
  4111 | D:3      | Noticed an angel
  4392 | D:3      | Reached XP level 5. HP: 28/28 MP: 17/20
  4757 | D:3      | Reached skill level 6 in Spellcasting
  5212 | D:4      | Noticed a giant frog
  5216 | D:4      | Killed a giant frog
  5438 | D:4      | Reached XP level 6. HP: 32/32 MP: 14/22
  5589 | D:5      | Entered Level 5 of the Dungeon
  5733 | D:4      | Noticed a phantom
  5733 | D:4      | Noticed a phantom
  5755 | D:3      | Killed a phantom
  5755 | D:3      | Reached skill level 1 in Fighting
  5755 | D:3      | Reached skill level 7 in Spellcasting
  5986 | D:4      | Killed a phantom
  5986 | D:4      | Reached skill level 1 in Evocations
  5986 | D:4      | Reached XP level 7. HP: 38/38 MP: 22/25
  6068 | D:4      | Found an iron altar of Okawaru.
  6415 | D:4      | Found a shattered altar of Ashenzari.
  6415 | D:4      | Found a stormy altar of Qazlal.
  6530 | D:4      | Found a sparkling altar of Nemelex Xobeh.
  6795 | D:4      | Found a white marble altar of Elyvilon.
  7129 | D:5      | Noticed Dowan
  7131 | D:5      | Noticed Duvessa
  7139 | D:5      | Killed Dowan
  7147 | D:5      | Killed Duvessa
  7265 | D:5      | Found a staircase to the Ecumenical Temple.
  7276 | Temple   | Entered the Ecumenical Temple
  7425 | D:5      | Reached skill level 5 in Dodging
  7425 | D:5      | Reached skill level 8 in Spellcasting
  7842 | D:5      | Noticed Menkaure
  7848 | D:5      | Killed Menkaure
  7848 | D:5      | Reached XP level 8. HP: 44/46 MP: 21/27
  8886 | D:6      | Reached skill level 9 in Spellcasting
  8994 | D:6      | Found Esipheesm's Distillery.
  9024 | D:6      | Bought a potion of haste for 100 gold pieces
  9212 | D:7      | Found a deep blue altar of Sif Muna.
  9219 | D:7      | Became a worshipper of Sif Muna the Loreminder
  9571 | D:6      | Reached skill level 1 in Fire Magic
 10018 | D:6      | Reached skill level 1 in Air Magic
 10137 | D:7      | Reached skill level 10 in Spellcasting
 10190 | D:8      | Acquired Sif Muna's first power
 10190 | D:8      | Reached XP level 9. HP: 27/52 MP: 2/30
 10426 | D:7      | Reached skill level 1 in Poison Magic
 10499 | D:8      | Got a pitted mace
 10500 | D:8      | Identified the +6 mace of Roptyjoo {crush, -Cast Str+5} (You found it on level 8 of the Dungeon)
 10516 | D:7      | Noticed Eustachio
 10533 | D:7      | Found an opulent altar of Gozag.
 10545 | D:7      | Killed Eustachio
 10651 | D:7      | Found a snail-covered altar of Cheibriados.
 10928 | D:7      | Found a bloodstained altar of Trog.
 11391 | D:10     | Entered Level 10 of the Dungeon
 11408 | D:10     | Noticed an unseen horror
 11744 | D:8      | Reached skill level 5 in Conjurations
 11954 | D:9      | Acquired Sif Muna's second power
 12034 | D:9      | Learned a level 4 spell: Airstrike
 12431 | D:9      | Killed an unseen horror
 12697 | D:9      | Reached skill level 11 in Spellcasting
 12788 | D:10     | Reached XP level 10. HP: 36/56 MP: 2/32
 13321 | D:8      | Reached skill level 1 in Invocations
 14018 | D:9      | Reached skill level 1 in Charms
 14638 | D:9      | Found a staircase to the Lair.
 14904 | D:9      | Learned a level 5 spell: Fireball
 14910 | D:9      | Learned a level 5 spell: Ignite Poison
 15060 | D:9      | Reached skill level 5 in Air Magic
 15228 | D:9      | Reached skill level 1 in Transmutations
 15340 | D:9      | Slain by a troll

Action                   |  1- 3 |  4- 6 |  7- 9 | 10-12 || total
-------------------------+-------+-------+-------+-------++-------
Melee: Unarmed           |    33 |       |       |       ||    33
       Dagger            |     1 |    24 |     3 |       ||    28
       Short sword       |       |       |    43 |       ||    43
       Rapier            |       |       |    11 |    37 ||    48
 Cast: Magic Dart        |   106 |   139 |   445 |   156 ||   846
       Blink             |    39 |     1 |    13 |     5 ||    58
       Mephitic Cloud    |       |     7 |    25 |    13 ||    45
       Repel Missiles    |       |     1 |     1 |       ||     2
       Conjure Flame     |       |     6 |    40 |    18 ||    64
       Airstrike         |       |       |       |    41 ||    41
Invok: Channel Energy    |       |       |       |    33 ||    33
Evoke: Wand              |       |       |     8 |       ||     8
  Use: Scroll            |     1 |     1 |    13 |     1 ||    16
       Potion            |       |       |     1 |     1 ||     2
 Stab: Sleeping          |     1 |       |       |       ||     1
       Confused          |       |     1 |     2 |       ||     3
  Eat: Chunk             |     7 |     8 |    29 |    10 ||    54
       Fruit             |       |       |     2 |       ||     2
